 Dungeon Crawl Stone Soup version 0.27-a0-1248-g57ac2eb73c (webtiles) character file.

Game seed: 17539195776306386789

8650 Kinoniko the Severer (level 11, -6/177 HPs)
             Began as an Ogre Berserker on June 10, 2021.
             Was a High Priest of Trog.
             Succumbed to a redback's poison
             ... on level 1 of the Lair of Beasts.
             The game lasted 00:13:46 (15541 turns).

Kinoniko the Severer (Ogre Berserker)              Turns: 15541, Time: 00:13:46

Health: -6/177     AC:  5    Str: 21 (23) XL:     11   Next: 34%
Magic:  11/11      EV: 10    Int: 13 (14) God:    Trog [*****.]
Gold:   469        SH:  0    Dex: 11      Spells: 10/10 levels left

rFire    . . .     SeeInvis .   e - +1 battleaxe (vamp)
rCold    . . .     Faith    .   (shield currently unavailable)
rNeg     . . .     Spirit   .   f - +2 robe
rPois    .         Reflect  .   (helmet restricted)
rElec    .         Harm     .   (no cloak)
rCorr    .         Rampage  .   (gloves unavailable)
Will     +....                  (boots unavailable)
Stlth    ..........             (no amulet)
HPRegen  0.39/turn              g - ring of flight
MPRegen  0.12/turn              n - +6 ring of intelligence

@: berserking, lethally poisoned (-6 -> -103), flying, very quick
A: large, unfitting armour, tough skin 1
a: Renounce Religion, Berserk, Trog's Hand, Brothers in Arms


You were on level 1 of the Lair of Beasts.
You worshipped Trog.
Trog was extremely pleased with you.
You visited 2 branches of the dungeon, and saw 11 of its levels.

You collected 469 gold pieces.

Inventory:

Hand Weapons
 a - a +0 hand axe
 e - a +1 vampiric battleaxe (weapon)
Missiles
 v - a throwing net
 y - 4 atropa-tipped darts
Armour
 b - a +1 kite shield
 f - a +2 robe (worn)
Jewellery
 g - a ring of flight (left hand)
 n - a +6 ring of intelligence (right hand)
 x - a ring of magical power
 z - a ring of resist corrosion
Wands
 k - a wand of flame (16)
 m - a wand of iceblast (6)
 p - a wand of mindburst (8)
 s - a wand of polymorph (13)
Scrolls
 c - 3 scrolls of fear
 d - 2 scrolls of magic mapping
 h - 3 scrolls of teleportation
 l - a scroll of silence
 q - 2 scrolls of summoning
 r - a scroll of identify
Potions
 i - a potion of brilliance
 j - a potion of cancellation
 o - a potion of degeneration
 t - 4 potions of curing
 u - a potion of magic
 w - a potion of haste


   Skills:
 + Level 10.2 Fighting
 * Level 15.2 Axes
 - Level 2.6 Dodging


You had 10 spell levels left.
You didn't know any spells.
Your spell library contained the following spells:

 Spells                   Type           Power      Damage    Failure   Level
 Animate Skeleton         Necr           0%         N/A       30%         1
 Magic Dart               Conj           0%         1d3       30%         1
 Pain                     Necr           0%         1d4       30%         1
 Blink                    Tloc           N/A        N/A       43%         2
 Call Imp                 Summ           0%         N/A       43%         2
 Slow                     Hex            0%         N/A       43%         2
 Conjure Flame            Conj/Fire      0%         6-21      67%         3
 Mephitic Cloud           Conj/Pois/Air  0%         N/A       67%         3
 Vampiric Draining        Necr           0%         2d6       67%         3
 Animate Dead             Necr           0%         N/A       97%         4
 Agony                    Necr           0%         N/A       100%        5


Dungeon Overview and Level Annotations

Branches:
Dungeon (9/15)             Temple (0/1) D:4            Lair (2/6) D:9
  Swamp: Lair:2-4    Shoals: Lair:2-4     Snake: Lair:2-4    Spider: Lair:2-4
    Orc: D:9-12

Altars:
Elyvilon
Fedhas
Kikubaaqudgha
Nemelex Xobeh
Okawaru
Qazlal
Vehumet
Xom
Yredelemnul

Annotations:
D:6 2 runed translucent doors


Innate Abilities, Weirdness & Mutations

You are too large for most types of armour.
You have tough skin. (AC +1)


Message History

Unknown command.
The jumping spider misses you.
The jumping spider bites you but does no damage.
The blink frog blinks!
The redback closely misses you.
The jumping spider leaps!
The blink frog barely misses you.
The jumping spider leaps!
The redback misses you.
The blink frog blinks!
You fly upwards.
There is a stone staircase leading down here.
A red film seems to cover your vision as you go berserk!
You feel yourself moving faster!
You feel mighty! The redback bites you!
* * * LOW HITPOINT WARNING * * *
You are poisoned.
The redback poisons you!
The blink frog hits you but does no damage.
The redback bites you!
* * * LOW HITPOINT WARNING * * *
You are more poisoned.
The redback poisons you!
You slice the redback!!
You feel better.
The redback is almost dead.
You miss the blink frog.
* * * LOW HITPOINT WARNING * * *
You feel extremely sick. The blink frog hits you.
* * * LOW HITPOINT WARNING * * *
The blink frog blinks!
The redback bites you.
* * * LOW HITPOINT WARNING * * *
You are more poisoned.
The redback poisons you!
You slash the redback!
You feel the power of Trog in you as your rage grows.
You kill the redback!
Trog accepts your kill.
* * * LOW HITPOINT WARNING * * *
You feel extremely sick.
You feel your intelligence returning.
Unknown command.
You are too berserk!
The sentinel's mark upon you fades away.
You die...

#.................##
##..................
#..................
##..................
#...................
##..................
#...§...............
##.>†........##.###.
#.@..............#.
#..F............##.
#.........##.#..#..
##....#######......
##....# #.#.#..
##...#######.P..##
#..............###
##.....#####.####.
###...# ###..##..


You could see a blink frog.

Vanquished Creatures
  Pikel (D:8)
  An orb spider (shapeshifter) (D:9)
  A cane toad (Lair:2)
  A komodo dragon (Lair:1)
  Psyche (D:8)
  Sigmund (D:5)
  7 spriggans (D:9)
  A redback (Lair:1)
  A wyvern (D:8)
  A yak (D:9)
  Duvessa (D:6)
  4 water moccasins
  An orc warrior (D:9)
  2 ice beasts
  2 sky beasts (D:8)
  A hornet zombie (D:6)
  2 black bears
  An ogre (D:6)
  2 necrophages (D:7)
  6 centaurs
  A lemure (D:8)
  A phantom (D:5)
  3 bullfrogs
  A wyvern zombie (D:8)
  3 gnoll sergeants
  3 scorpions
  Dowan (D:6)
  A wyvern skeleton (D:5)
  A water moccasin skeleton (D:7)
  14 killer bees
  8 wights (D:7)
  An electric eel (Lair:1)
  2 bullfrog zombies (D:5)
  2 centaur zombies (D:9)
  4 hounds
  3 orc priests
  3 bullfrog skeletons (D:6)
  A gnoll shaman (D:9)
  2 centaur skeletons
  Jessica (D:3)
  2 iguanas
  3 orc wizards
  A howler monkey zombie (D:9)
  10 adders
  20 gnolls
  2 shadow imps
  2 white imps
  2 worms (D:2)
  5 dart slugs
  37 orcs
  3 bats
  9 endoplasms
  4 giant cockroaches
  7 goblins
  8 hobgoblins
  11 jackals
  3 quokkas
  6 ball pythons
  3 frilled lizards
  10 kobolds
  6 rats
  A spectral orc (D:9)
249 creatures vanquished.

Vanquished Creatures (collateral kills)
  A hydra (Lair:2)
  Grinder (D:5)
2 creatures vanquished.

Vanquished Creatures (others)
  2 fungi (Lair:2)
  6 plants
8 creatures vanquished.

Grand Total: 259 creatures vanquished

Notes
Turn   | Place    | Note
-------+----------+-------------------------------------------
     0 | D:1      | Kinoniko the Ogre Berserker began the quest for the Orb.
     0 | D:1      | Reached XP level 1. HP: 24/24 MP: 1/1
    26 | D:1      | You fall into a shaft and drop 1 floor!
   395 | D:1      | Reached XP level 2. HP: 32/32 MP: 2/2
   795 | D:1      | Reached ** piety under Trog
  1130 | D:2      | Reached XP level 3. HP: 33/40 MP: 3/3
  1238 | D:2      | Reached skill level 4 in Axes
  2228 | D:2      | Reached XP level 4. HP: 49/49 MP: 4/4
  2527 | D:3      | Reached skill level 5 in Fighting
  2627 | D:3      | Noticed Jessica
  2647 | D:3      | Killed Jessica
  2786 | D:3      | Found a blossoming altar of Fedhas.
  2810 | D:3      | Reached XP level 5. HP: 31/57 MP: 5/5
  3136 | D:3      | Reached skill level 5 in Axes
  3142 | D:3      | Reached *** piety under Trog
  3643 | D:4      | Identified a scroll of acquirement
  3643 | D:4      | Acquired a +0 vampiric battleaxe
  3787 | D:4      | Found a stormy altar of Qazlal.
  3831 | D:4      | Noticed an air elemental
  3836 | D:4      | Noticed a fire elemental
  3836 | D:4      | Noticed a water elemental
  3913 | D:4      | Reached XP level 6. HP: 67/67 MP: 6/6
  4276 | D:4      | Reached skill level 6 in Axes
  4489 | D:4      | Reached **** piety under Trog
  4614 | D:4      | Found a staircase to the Ecumenical Temple.
  5051 | D:5      | Entered Level 5 of the Dungeon
  5309 | D:5      | Reached skill level 7 in Axes
  5309 | D:5      | Reached XP level 7. HP: 74/74 MP: 7/7
  5700 | D:5      | Reached skill level 8 in Axes
  5905 | D:5      | Noticed Sigmund
  5912 | D:5      | Killed Sigmund
  5913 | D:5      | Reached XP level 8. HP: 83/83 MP: 8/8
  6122 | D:5      | Reached skill level 9 in Axes
  6179 | D:5      | Noticed Grinder
  6200 | D:5      | Paralysed by Grinder for 3 turns
  6203 | D:5      | Killed Grinder
  6725 | D:6      | Noticed Dowan
  6725 | D:6      | Noticed Duvessa
  6760 | D:6      | Killed Duvessa
  6761 | D:6      | Killed Dowan
  6763 | D:6      | Reached skill level 10 in Axes
  7444 | D:6      | Found a runed translucent door.
  7446 | D:6      | Found a runed translucent door.
  7459 | D:6      | Reached skill level 11 in Axes
  7459 | D:6      | Reached XP level 9. HP: 89/89 MP: 9/9
  7587 | D:6      | Found an ancient bone altar of Kikubaaqudgha.
  7731 | D:6      | Identified the +1 chain mail of the Snake Pit {Contam Harm
                  | Str+4 SInv}
  8504 | D:7      | Reached skill level 12 in Axes
  9000 | D:7      | Found a shimmering altar of Xom.
  9834 | D:8      | Found an iron altar of Okawaru.
 10051 | D:8      | Found a sparkling altar of Nemelex Xobeh.
 10074 | D:8      | Reached skill level 13 in Axes
 10298 | D:8      | Reached XP level 10. HP: 60/98 MP: 10/10
 10450 | D:8      | Noticed Pikel
 10459 | D:8      | Killed Pikel
 10886 | D:8      | Found a radiant altar of Vehumet.
 10992 | D:8      | Noticed Psyche
 11009 | D:8      | Killed Psyche
 11321 | D:8      | Found a white marble altar of Elyvilon.
 12057 | D:9      | Reached ***** piety under Trog
 12058 | D:9      | Reached skill level 14 in Axes
 12336 | D:9      | Noticed an orb spider
 12368 | D:9      | Killed an orb spider
 12936 | D:9      | Found a basalt altar of Yredelemnul.
 13018 | D:9      | Found a staircase to the Lair.
 13494 | D:9      | Reached XP level 11. HP: 115/115 MP: 11/11
 14447 | Lair:1   | Entered Level 1 of the Lair of Beasts
 14955 | Lair:1   | Reached skill level 15 in Axes
 15173 | Lair:2   | Noticed an eight-headed hydra
 15179 | Lair:2   | Killed a nine-headed hydra
 15180 | Lair:2   | Reached skill level 10 in Fighting
 15541 | Lair:1   | Succumbed to a redback's poison

Illustrated notes

Levels and vault maps discovered:
D:1:      dpeg_arrival_orchard, layout_loops_ring
D:2:      layout_basic
D:3:      kennysheep_big_flooded_room, layout_rooms, fedhas_ov_isle_minmay,
          kennysheep_nondescript, uniq_jessica
D:4:      layout_layer_cave, nicolae_qazlal_style_of_elements,
          minmay_temple_entry_statues_fountains, serial_bayou_lagoon_a,
          minmay_quadrilaterals
D:5:      layout_cave_pods, minmay_statues_item, uniq_sigmund, uniq_grinder
D:6:      lemuel_insect_pit, layout_basic, nicolae_kikubaaqudgha_miasma_corner,
          hangedman_decor_lopped, minmay_misc_feat_alley, uniq_duvessa
D:7:      layout_rooms, kennysheep_little_box, serial_corexii_hall,
          chequers_hall_statues_wall_a, chequers_hall_statues_wall_a,
          corexii_hall_statues_t, corexii_hall_statues_x
D:8:      layout_loops_ring, nemelex_spade_bored_becter,
          okawaru_metal_pillars_1_2, general_overflow_altar,
          fiery_altar_vehumet, uniq_pikel, uniq_psyche
D:9:      kb_forest_paths, layout_irregular_city,
          yredelemnul_forgotten_temple_becter, serial_column_ruins,
          column_ruins_square_large, column_ruins_square_medium,
          column_ruins_grid_2, column_ruins_open_medium,
          column_ruins_corridor_straight, column_ruins_open_tiny
Lair:1:   layout_gridlike
Lair:2:   layout_regular_city, nicolae_spider_entry_tight_spaces, st_stairs_6,
          nicolae_lair_grove_arrangements, infiniplex_staircase_pool_2,
          grunt_megastairs_2, lemuel_fruit_fields

Skill      XL: |  1  2  3  4  5  6  7  8  9 10 11 |
---------------+----------------------------------+-----
Axes           | 4 5 7 8 11 13 14 15 | 15.2
Fighting       | 5 6 9 10 | 10.2
Dodging        | |  2.6

Action                   |  1- 3 |  4- 6 |  7- 9 | 10-12 || total
-------------------------+-------+-------+-------+-------++-------
Melee: Hand axe          |   121 |   107 |    12 |    59 ||   299
       Battleaxe         |       |    77 |   231 |   201 ||   509
Invok: Berserk           |     1 |     9 |    16 |    17 ||    43
       Brothers in Arms  |       |       |     2 |     1 ||     3
       Trog's Hand       |       |       |     1 |       ||     1
  Use: Scroll            |       |     4 |     7 |     4 ||    15
       Potion            |       |       |    11 |     1 ||    12
 Stab: Sleeping          |     1 |       |       |       ||     1
       Invisible         |       |       |     4 |       ||     4
Armor: Animal skin       |    19 |    54 |    13 |       ||    86
       Robe              |       |       |    45 |    48 ||    93
Dodge: Dodged            |    54 |   113 |   120 |   109 ||   396

Table legend: (Time is in decaauts)
 A = Elapsed time spent in this place.
 B = Non-inter-level travel time spent in this place.
 C = Inter-level travel time spent in this place.
 D = Time resting spent in this place.
 E = Time spent auto-exploring this place.
 F = Levels seen in this place.
 G = Mean time per level.
                   A        B        C        D        E       F      G
               +--------+--------+--------+--------+--------+-----+--------+
         Total |  15942 |  15631 |    311 |   5701 |   8294 |  11 | 1449.3 |
       Dungeon |  14835 |  14546 |    289 |   5272 |   7736 |   9 | 1648.3 |
          Lair |   1107 |   1085 |     22 |    429 |    558 |   2 |  553.5 |
               +--------+--------+--------+--------+--------+-----+--------+

Top non-repeatable levels by time:
     D:9: 2674 daAuts
     D:8: 2055 daAuts
     D:6: 1842 daAuts
     D:5: 1714 daAuts
     D:2: 1531 daAuts
     D:4: 1446 daAuts
     D:7: 1383 daAuts
     D:3: 1272 daAuts
     D:1: 914 daAuts
  Lair:1: 739 daAuts
  Lair:2: 368 daAuts
